 Dungeon Crawl Stone Soup version 0.18-a0-596-g6468885 (webtiles) character file.

867 M4edhros the Sneak (level 8, -3/43 HPs)
             Began as an Octopode Artificer on Dec 3, 2015.
             Was a Believer of Pakellas.
             Slain by Edmund
             ... wielding a +2 flail of holy wrath
              (12 damage)
             ... on level 6 of the Dungeon.
             The game lasted 00:11:44 (6214 turns).

M4edhros the Sneak (Octopode Artificer)             Turns: 6214, Time: 00:11:44

Health: -3/43      AC:  6    Str: 13 (15) XL:     8   Next: 3%
Magic:  2/13       EV: 12    Int: 17      God:    Pakellas [**....]
Gold:   225        SH:  0    Dex: 12      Spells: 0 memorised, 7 levels left

rFire  . . .     SeeInvis .     y - +0 trident (protect)
rCold  . . .     Clarity  +     (no shield)
rNeg   . . .     SustAt   .     (helmet restricted)
rPois  +         Gourm    .     (no amulet)
rElec  .         Spirit   .     p - ring of poison resistance
rCorr  .         Dismiss  .     (no ring)
rMut   .         Stasis   .     (no ring)
MR     .....                    (no ring)
Stlth  ++++++....               (no ring)
                                (no ring)
                                (no ring)
                                (no ring)

@: mighty, not resistant to hostile enchantments, very stealthy
A: almost no armour, amphibious, 8 rings, constrict 8, camouflage 2, blink,
clarity, frail 1, gelatinous body 1, MP-powered wands
a: Blink, Quick Charge, Renounce Religion


You were on level 6 of the Dungeon.
You worshipped Pakellas.
Pakellas was pleased with you.
You were not hungry.

You visited 2 branches of the dungeon, and saw 7 of its levels.

You collected 225 gold pieces.

Inventory:

Hand Weapons
 l - a +1 dagger of venom
 t - a +3 hunting sling
 y - a +0 trident of protection (weapon)
Missiles
 i - 186 stones (quivered)
 s - 15 sling bullets
Jewellery
 p - a ring of poison resistance (left tentacle)
Wands
 b - a wand of flame (11)
 c - a wand of enslavement (9)
 d - a wand of random effects (13)
 k - a wand of slowing (34)
 r - a wand of draining (13)
Scrolls
 h - a scroll of remove curse
 m - a scroll of recharging
 n - a scroll of identify
 v - a scroll of magic mapping
 w - a scroll of immolation {unknown}
 A - a scroll of amnesia {unknown}
Potions
 f - 2 potions of curing
 g - a potion of agility
 o - 2 potions of might
 q - a potion of poison {unknown}
 z - a potion of heal wounds {unknown}
 B - a potion of haste {unknown}
Comestibles
 e - 5 bread rations
 j - a beef jerky
 u - a slice of pizza
 x - 3 meat rations


   Skills:
 - Level 1.0 Fighting
 - Level 1.0 Short Blades
 * Level 3.0 Slings
 + Level 2.3 Dodging
 + Level 7.9 Stealth
 + Level 7.1 Evocations


You had 7 spell levels left.
You didn't know any spells.

Dungeon Overview and Level Annotations

Branches:
Dungeon (6/15)             Temple (1/1) D:5

Altars:
Ashenzari
Cheibriados
Dithmenos
Fedhas
Gozag
Kikubaaqudgha
Makhleb
Nemelex Xobeh
Pakellas
Ru
Trog
Vehumet
Xom
Yredelemnul
Zin
The Shining One

Annotations:
D:6 Edmund


Innate Abilities, Weirdness & Mutations

You cannot wear most types of armour.
You are amphibious.
You can wear up to eight rings at the same time.
You can use your tentacles to constrict eight enemies at once.
Your skin blends seamlessly with your surroundings (Stealth).
Your rubbery body absorbs attacks (AC +1).
You can translocate small distances at will.
You possess an exceptional clarity of mind.
You are frail (-10% HP).
You expend magic power (3 MP) to strengthen your wands.


Message History

You hear the hiss of a very distant avalanche of sand.
You constrict Edmund, but do no damage. Edmund closely misses you.
You puncture Edmund!
Edmund is moderately wounded.
You constrict Edmund. Edmund closely misses you.
You hit Edmund. You squeeze Edmund.
Edmund is heavily wounded.
You constrict Edmund, but do no damage.
Edmund mutters, "Who needs spells, anyway?"
Edmund hits you but does no damage.
You hit Edmund. You squeeze Edmund, but do no damage.
Edmund is severely wounded.
You constrict Edmund, but do no damage.
Edmund hits you with a flail of holy wrath!
* * * LOW HITPOINT WARNING * * *
You hit Edmund. You squeeze Edmund.
Edmund is severely wounded.
You constrict Edmund.
Edmund hits you with a flail of holy wrath!
You die...

#..#.#
#........##
#....#
#.#.....##
#.#### #.##...##
#.. ..###'## #.#
#### #.##### #.#
#.##.. ##.##.#
##...#@#
##.....@##.#
.............#
#.####.##......#
# ###########


You could see Edmund.

Vanquished Creatures
  A giant frog (D:5)
  3 hounds
  A giant frog zombie (D:5)
  3 orc priests
  The ghost of 4thArraOfDagon the Scratcher, a weakling FeFi (D:6)
  3 orc wizards
  A centaur skeleton (D:4)
  Terence (D:3)
  7 worker ants
  4 gnolls
  7 adders
  A river rat (D:1)
  A shadow imp (D:6)
  An adder zombie (D:5)
  A worm (D:3)
  An adder skeleton (D:4)
  5 giant geckos
  16 orcs
  6 giant cockroaches
  8 goblins
  7 hobgoblins
  15 kobolds
  5 quokkas
  A ball python (D:1)
  A bat (D:1)
  A giant gecko skeleton (D:4)
  6 giant newts
  3 jackals (D:1)
  A jackal skeleton (D:4)
  8 rats
120 creatures vanquished.

Vanquished Creatures (collateral kills)
  An orc priest (D:4)
  An orc wizard (D:4)
  2 orcs (D:4)
4 creatures vanquished.

Grand Total: 124 creatures vanquished

Notes
Turn   | Place    | Note
--------------------------------------------------------------
     0 | D:1      | M4edhros the Octopode Artificer began the quest for the Orb.
     0 | D:1      | Reached XP level 1. HP: 13/13 MP: 3/3
    74 | D:1      | Reached XP level 2. HP: 18/18 MP: 4/4
   183 | D:1      | Reached skill level 4 in Evocations
   244 | D:2      | Reached XP level 3. HP: 20/23 MP: 6/6
   533 | D:2      | Found a shattered altar of Ashenzari.
   700 | D:3      | Reached XP level 4. HP: 19/28 MP: 7/7
  1069 | D:3      | Reached skill level 5 in Evocations
  1231 | D:4      | Noticed Edmund
  1281 | D:4      | Reached XP level 5. HP: 33/33 MP: 8/8
  1324 | D:4      | Reached skill level 5 in Stealth
  1607 | D:4      | Reached XP level 6. HP: 29/38 MP: 10/10
  1649 | D:5      | Entered Level 5 of the Dungeon
  1659 | D:5      | Reached skill level 6 in Stealth
  2648 | D:5      | Found a burning altar of Makhleb.
  2648 | D:5      | Found a shadowy altar of Dithmenos.
  2673 | D:5      | Found a staircase to the Ecumenical Temple.
  2682 | Temple   | Entered the Ecumenical Temple
  2831 | Temple   | Became a worshipper of Xom the Begetter of Discontinuities
  2840 | Temple   | Fell from the grace of Xom
  2840 | Temple   | Became a worshipper of Pakellas the Inventive
  3159 | D:1      | XOM: polymorph jackal -> river rat
  3816 | D:2      | Reached * piety under Pakellas
  4143 | D:3      | Reached XP level 7. HP: 19/43 MP: 11/11
  4173 | D:3      | Found a glowing silver altar of Zin.
  4264 | D:3      | Reached skill level 1 in Slings
  4304 | D:3      | XOM: give mutations
  4304 | D:3      | Gained mutation: Your skin blends seamlessly with your surroundings (Stealth). [Xom's mischief]
  4304 | D:3      | Gained mutation: You are clumsy. (Dex -2) [Xom's mischief]
  4304 | D:3      | Gained mutation: You can translocate small distances at will. [Xom's mischief]
  4304 | D:3      | Gained mutation: You possess an exceptional clarity of mind. [Xom's mischief]
  4418 | D:3      | Reached skill level 7 in Stealth
  4633 | D:3      | Noticed Terence
  4693 | D:3      | Found an opulent altar of Gozag.
  4711 | D:3      | Reached ** piety under Pakellas
  4723 | D:3      | XOM: noise
  4753 | D:3      | Killed Terence
  4797 | D:3      | XOM: summons 1 hostile demon
  5722 | D:5      | XOM: give mutations
  5722 | D:5      | Gained mutation: You are frail (-10% HP). [Xom's mischief]
  5722 | D:5      | Gained mutation: You expend magic power (3 MP) to strengthen your wands. [Xom's mischief]
  5722 | D:5      | Lost mutation: You are clumsy. (Dex -2) [Xom's mischief]
  5751 | D:5      | XOM: medium Divn miscast
  5953 | D:5      | XOM: blink monster(s)
  5962 | D:6      | Noticed 4thArraOfDagon's ghost (weakling FeFi)
  5974 | D:6      | Killed 4thArraOfDagon's ghost
  6048 | D:6      | Noticed a hungry ghost
  6125 | D:6      | Reached XP level 8. HP: 16/43 MP: 1/13
  6214 | D:6      | Slain by Edmund

Vault maps used:
D:1:      dpeg_arrival_snail
D:2:      ashenzari_altar_1
D:3:      grunt_gozag_statues, zin_treasury, grunt_ministairs_11, uniq_terence
D:4:      first_bread, uniq_edmund
D:5:      gammafunk_temple_overflow_wave, minmay_temple_entry_statues_fountains
D:6:      lemuel_upstairs_altar, gup_ossuary_entry_pyramid, kennysheep_nub
Temple:   hc_temple_tempest_star

Action                   |  1- 3 |  4- 6 |  7- 9 || total
-------------------------+-------+-------+-------++-------
Melee: Short sword       |    44 |       |       ||    44
       Dagger            |       |    89 |    27 ||   116
       Hunting sling     |       |     4 |       ||     4
       Trident           |       |       |    61 ||    61
 Fire: Hunting sling     |       |    68 |    90 ||   158
Evoke: Wand              |       |     7 |     5 ||    12
  Use: Scroll            |       |     6 |     2 ||     8
       Potion            |       |     1 |     4 ||     5
 Stab: Sleeping          |    12 |     6 |    11 ||    29
  Eat: Chunk             |       |     4 |     8 ||    12
       Meat ration       |       |     1 |       ||     1
